Map: Proxima Station LE

Players

Ryung - Winner!

  • Race: Terran Terran
  • Spawn Location: 7:00

Snute

  • Race: Zerg Zerg
  • Spawn Location: 1:00

Event: IEM XI Katowice - World Championship 2017

VOD

Have the link to the VOD?

Description

Time

  • Played on: March 2, 2017, 9:18 a.m.
  • Length: 17:53

All games in this series

Show
View Real Time Build Order
Export as new Build Order

Ryung Terran - Winner!

Build Orders: Reaper Expand, Hellion Banshee, Mech 

Get SALT Encoding   

  12  0:00  SCV  
  13  0:13  SCV  
  14  0:18  Supply Depot  
  14  0:25  SCV  
  14  0:27  Refinery  
  15  0:39  SCV  
  16  0:45  Barracks  
  16  0:51  SCV  
  17  1:03  SCV  
  18  1:15  SCV  
  19  1:31  Orbital Command  
  19  1:32  Reaper  
  20  1:43  Command Center  
  20  1:55  Factory  
  20  1:57  SCV  
  21  2:06  Barracks Reactor  
  21  2:09  SCV  
  21  2:10  Supply Depot  
  22  2:18  Refinery  
  22  2:21  SCV  
  23  2:34  SCV  
  24  2:45  Starport  
  24  2:47  SCV  
  24  2:50  Hellion x2  
  29  2:54  Orbital Command  
  29  2:59  SCV  
  29  3:02  Barracks Tech Lab  
  30  3:12  Hellion x2  
  34  3:14  SCV  
  35  3:29  SCV x2  
  35  3:31  Viking  
  35  3:32  Cloaking Field  
  39  3:41  Supply Depot, SCV  
  39  3:47  Hellion x2  
  44  3:49  SCV  
  44  3:53  SCV  
  46  4:09  Hellion x2  
  47  4:11  SCV x2  
  47  4:12  Banshee  
  48  4:23  SCV x2  
  50  4:30  Hellion  
  50  4:31  Hellion  
  54  4:37  Supply Depot, Command Center  
  54  4:40  Supply Depot  
  54  4:41  SCV x2  
  56  4:48  Factory  
  56  4:53  SCV x2, Barracks Reactor  
  56  4:56  Banshee  
  61  5:05  Refinery x2  
  61  5:07  SCV x2  
  63  5:18  Hellion x2  
  63  5:19  SCV x2  
  69  5:25  Armory  
  69  5:30  Supply Depot  
  69  5:31  SCV  
  69  5:32  SCV  
  71  5:44  SCV x2  
  71  5:47  Cyclone  
  71  5:48  Cyclone  
  79  5:50  Cyclone x2  
  79  5:54  Orbital Command  
  79  5:56  SCV  
  86  5:57  SCV  
  84  6:08  SCV  
  84  6:09  Factory, SCV  
  86  6:13  Terran Vehicle Weapons Level 1  
  86  6:20  SCV x2  
  86  6:21  SCV, Refinery  
  86  6:23  Refinery  
  89  6:38  SCV x2  
  89  6:39  Factory  
  91  6:41  Factory  
  91  6:46  SCV  
  92  6:50  SCV  
  92  6:51  SCV, Hellion  
  92  6:52  Hellion x2  
  100  6:54  Supply Depot, Starport Reactor  
  100  6:55  Supply Depot x2  
  100  7:06  Hellion  
  100  7:15  SCV x3  
  99  7:20  Supply Depot x2  
  99  7:22  Armory  
  90  7:25  Hellion x3  
  90  7:26  Factory Tech Lab x2, Siege Tank  
  93  7:31  SCV x3  
  96  7:43  SCV x3  
  97  7:44  Hellion x2  
  97  7:51  Medivac  
  99  7:52  Infernal Pre-Igniter  
  99  7:53  Siege Tank  
  99  7:55  SCV x3  
  108  7:59  Thor, Command Center  
  111  8:06  Engineering Bay  
  111  8:09  SCV x2  
  111  8:10  Terran Vehicle Weapons Level 2, SCV  
  111  8:11  Terran Vehicle And Ship Armor Level 1  
  114  8:16  Siege Tank  
  119  8:20  Hellion  
  119  8:22  Hellion  
  119  8:25  Siege Tank  
  119  8:26  SCV x3  
  125  8:41  Hellion  
  119  8:43  Siege Tank, Hellion x2  
  119  8:44  Hellion x2  
  119  8:47  Viking x2  
  132  8:49  Siege Tank  
  132  8:51  Supply Depot x2  
  135  8:57  Cyclone  
  138  9:07  Hellion x4  
  146  9:15  Hellion  
  148  9:20  Viking  
  148  9:21  Viking, Hellion  
  154  9:27  Supply Depot  
  154  9:28  Supply Depot  
  154  9:29  Hellion  
  154  9:30  Hellion x3  
  162  9:35  Hellion x3  
  162  9:38  Siege Tank x2  
  168  9:45  Siege Tank  
  165  9:52  Sensor Tower  
  165  9:57  Hellion  
  165  9:58  Hellion x3  
  173  10:07  Refinery  
  173  10:10  Viking, Siege Tank  
  173  10:11  Terran Vehicle And Ship Armor Level 2, Viking  
  173  10:14  Siege Tank  
  183  10:17  Missile Turret  
  183  10:21  Planetary Fortress, Refinery  
  183  10:25  Missile Turret  
  181  10:30  Hellion x2  
  181  10:32  Supply Depot, Siege Tank, Hellion x2  
  190  10:37  Sensor Tower  
  190  10:47  Viking x2  
  196  10:58  Starport  
  196  11:13  Starport  
  196  11:16  Command Center  
  190  11:22  Thor x2  
  190  11:23  Viking x2  
  184  11:37  Siege Tank, Hellion x2  
  172  11:41  Viking  
  158  11:55  Viking x2  
  158  11:57  Viking  
  164  12:01  Terran Vehicle Weapons Level 3  
  164  12:05  Siege Tank  
  167  12:11  Viking  
  146  12:25  Viking x2  
  146  12:27  Viking  
  144  12:30  Siege Tank x2  
  144  12:31  Hellion x2  
  144  12:36  Hellion x2  
  131  12:41  Siege Tank  
  128  12:47  Starport Tech Lab  
  128  12:53  Hellion x2  
  128  12:57  Starport Tech Lab  
  132  13:02  Siege Tank  
  135  13:07  Thor, Hellion x2  
  135  13:08  Terran Vehicle And Ship Armor Level 3  
  145  13:15  Thor  
  145  13:16  Command Center  
  145  13:18  Refinery  
  151  13:20  Refinery  
  151  13:23  Corvid Reactor  
  151  13:24  Recalibrated Explosives  
  151  13:26  Command Center  
  151  13:27  Raven  
  151  13:28  Raven  
  151  13:34  Planetary Fortress  
  155  13:43  Thor  
  155  13:47  Hellion x3  
  155  13:48  Hellion  
  167  13:58  Hellion x2  
  167  14:09  Thor x2  
  179  14:13  Raven x2  
  183  14:18  Hellion x3  
  189  14:35  Thor  
  195  14:41  Hellion x2  
  199  14:55  Terran Ship Weapons Level 1  
  199  14:57  Raven, Starport  
  199  14:58  Raven, Starport  
  199  14:59  Planetary Fortress  
  199  15:16  Orbital Command  
  199  15:20  Command Center x2  
  199  15:25  Refinery  
  199  15:28  Refinery  
  199  15:50  Command Center  
  191  16:16  Siege Tank x3, Hellion x2  
  191  16:17  Hellion x2  
  184  16:19  Raven, Viking x2  
  184  16:20  Raven  
  184  16:21  Starport Tech Lab  
  184  16:22  Starport Tech Lab  
  177  16:40  Hellion  
  177  16:41  Raven x2, Hellion x3  
  174  16:53  Siege Tank  
  174  16:54  Siege Tank x2  
  170  17:00  Orbital Command x2  
  164  17:10  Hellion x4  
Show
View Real Time Build Order
Export as new Build Order

Snute Zerg 

Build Orders: Hatch First 

Get SALT Encoding   

  12  0:00  Drone  
  13  0:12  Overlord  
  13  0:17  Drone  
  14  0:30  Drone x2  
  14  0:34  Drone  
  17  0:52  Hatchery  
  17  0:54  Drone  
  17  1:08  Spawning Pool  
  17  1:10  Drone  
  17  1:14  Drone  
  18  1:33  Hatchery  
  18  1:36  Drone  
  18  1:39  Drone  
  19  1:42  Drone  
  20  1:54  Queen  
  22  2:04  Queen  
  22  2:07  Overlord  
  24  2:10  Zergling x2  
  24  2:13  Zergling x2  
  26  2:16  Zergling x2  
  26  2:18  Drone  
  28  2:25  Drone  
  28  2:26  Drone  
  30  2:31  Queen  
  30  2:34  Drone  
  33  2:39  Drone  
  33  2:42  Overlord  
  34  2:46  Drone  
  34  2:48  Drone  
  36  2:54  Drone  
  36  2:56  Drone  
  38  2:59  Queen  
  38  3:02  Drone x2  
  38  3:04  Drone  
  43  3:06  Drone  
  43  3:11  Drone x2  
  43  3:12  Drone  
  47  3:17  Overlord  
  47  3:18  Drone  
  47  3:19  Drone  
  49  3:21  Drone  
  49  3:25  Overlord  
  50  3:28  Extractor, Drone  
  50  3:32  Extractor, Drone  
  50  3:36  Drone x2  
  50  3:38  Queen  
  54  3:41  Overlord  
  54  3:43  Drone x2  
  54  3:44  Drone  
  54  3:46  Drone  
  58  3:49  Drone x2  
  58  3:51  Drone x2  
  58  3:53  Drone  
  58  3:54  Drone  
  64  4:00  Zergling x4  
  64  4:01  Zergling x2  
  62  4:09  Drone  
  57  4:10  Drone x2  
  57  4:11  Drone  
  57  4:12  Drone x3  
  59  4:18  Metabolic Boost, Drone x2  
  59  4:21  Drone  
  59  4:24  Drone x2  
  63  4:27  Spore Crawler  
  63  4:29  Spore Crawler  
  62  4:33  Drone x2  
  62  4:34  Spore Crawler  
  62  4:35  Drone  
  64  4:41  Roach Warren  
  64  4:43  Spine Crawler, Drone  
  63  4:46  Queen  
  63  4:52  Overlord  
  65  4:53  Overlord  
  65  4:55  Overlord  
  65  5:04  Overlord  
  65  5:10  Overlord  
  65  5:11  Drone  
  65  5:12  Drone x5  
  71  5:14  Drone  
  71  5:15  Queen x2  
  71  5:17  Drone  
  71  5:18  Drone  
  71  5:19  Drone  
  79  5:23  Lair  
  79  5:25  Drone x2  
  82  5:28  Drone x3  
  82  5:30  Drone  
  82  5:31  Drone  
  82  5:34  Drone  
  87  5:37  Extractor, Drone  
  87  5:39  Extractor x2  
  87  5:40  Extractor, Drone x2  
  86  5:46  Drone x2  
  86  5:48  Drone  
  86  5:49  Drone  
  89  5:51  Drone  
  89  5:52  Drone  
  89  5:54  Hatchery  
  90  6:01  Evolution Chamber  
  90  6:02  Evolution Chamber  
  90  6:03  Drone x2  
  90  6:04  Drone x2  
  91  6:07  Drone x2  
  91  6:11  Drone  
  94  6:16  Overlord  
  94  6:22  Roach x3  
  97  6:27  Overseer, Evolution Chamber  
  97  6:29  Overlord  
  97  6:30  Evolution Chamber  
  97  6:32  Glial Reconstitution  
  95  6:33  Zerg Missile Weapons Level 1, Zerg Ground Armor Level 1  
  95  6:37  Roach  
  95  6:38  Roach x3  
  103  6:44  Zergling x2  
  103  6:46  Infestation Pit  
  103  6:48  Spire  
  103  6:49  Drone x7  
  103  6:52  Drone  
  110  6:58  Roach  
  110  7:00  Ravager x2  
  113  7:05  Roach x2  
  113  7:06  Roach  
  110  7:09  Roach x4  
  110  7:15  Roach x3  
  109  7:19  Roach x3  
  107  7:25  Drone x3  
  107  7:29  Drone x2  
  109  7:31  Drone x3  
  109  7:34  Extractor  
  109  7:35  Spore Crawler, Drone x4  
  112  7:40  Ravager  
  112  7:41  Ravager  
  112  7:43  Drone x4  
  112  7:44  Drone  
  117  7:46  Drone x2  
  117  7:48  Drone  
  117  7:50  Hive, Drone  
  119  7:53  Drone  
  119  7:54  Extractor x2, Drone x2  
  120  8:05  Overlord x4  
  120  8:09  Overlord  
  120  8:28  Roach x5  
  120  8:29  Zerg Missile Weapons Level 2, Tunneling Claws, Burrow  
  120  8:30  Zerg Ground Armor Level 2  
  120  8:33  Hatchery  
  125  8:40  Drone x3  
  125  8:41  Drone x2  
  130  8:55  Overlord x2  
  130  8:57  Queen x2  
  130  8:58  Pathogen Glands  
  134  9:03  Viper x2  
  134  9:07  Viper  
  143  9:12  Roach x3  
  143  9:13  Roach x3  
  143  9:17  Extractor  
  154  9:20  Extractor  
  154  9:23  Viper  
  153  9:25  Overlord x4  
  153  9:29  Greater Spire  
  153  9:39  Drone  
  153  9:40  Drone x5  
  153  9:41  Drone x2  
  157  9:47  Roach x19  
  157  9:48  Queen x2  
  171  9:58  Infestor x2  
  171  9:59  Infestor  
  181  10:03  Spore Crawler  
  166  10:07  Infestor  
  166  10:08  Infestor  
  166  10:10  Queen x3  
  172  10:22  Corruptor  
  172  10:23  Corruptor x4  
  172  10:24  Queen  
  184  10:35  Pneumatized Carapace  
  180  11:02  Brood Lord  
  180  11:03  Brood Lord, Drone  
  180  11:04  Drone x4  
  188  11:06  Brood Lord x3  
  188  11:10  Drone  
  188  11:11  Drone x4  
  183  11:38  Corruptor x5  
  157  11:56  Ravager x3  
  157  11:57  Ravager  
  157  11:58  Roach x3, Ravager  
  157  11:59  Roach x15  
  196  12:10  Overlord x3  
  196  12:12  Roach x9  
  155  12:35  Roach x7  
  150  12:40  Brood Lord x2  
  150  12:41  Brood Lord x3  
  150  12:42  Infestor x2  
  164  12:47  Roach x20  
  164  12:49  Queen x4  
  170  13:04  Hatchery  
  169  13:08  Infestor x2  
  169  13:10  Viper  
  176  13:13  Zerg Flyer Armor Level 1  
  176  13:21  Spore Crawler x2  
  176  13:22  Spore Crawler, Hydralisk Den  
  176  13:24  Queen x2  
  176  13:26  Ravager  
  176  13:27  Ravager x2  
  179  13:34  Hatchery  
  179  13:39  Viper  
  181  13:49  Ravager x2  
  181  13:50  Ravager  
  181  13:54  Queen x2  
  188  13:58  Infestor x2  
  192  14:08  Zerg Melee Weapons Level 1  
  192  14:13  Viper  
  195  14:17  Drone  
  195  14:18  Drone x4  
  200  14:45  Roach x7  
  200  15:02  Extractor  
  200  15:05  Spore Crawler, Viper x2, Roach x2  
  200  15:06  Spore Crawler, Corruptor  
  185  15:07  Corruptor x6  
  185  15:11  Neural Parasite  
  191  15:35  Spore Crawler  
  191  15:38  Spore Crawler  
  191  15:39  Spore Crawler, Brood Lord  
  191  15:40  Brood Lord x4  
  196  15:44  Drone x4  
  200  15:58  Overseer x2, Extractor  
  200  16:00  Extractor  
  185  16:15  Spore Crawler  
  153  16:20  Corruptor x4  
  140  16:33  Roach x6  
  132  16:45  Roach  
  132  16:46  Roach x19  
  133  16:54  Roach x25  
  133  16:56  Roach x3  
  129  17:03  Roach x2  
  135  17:09  Roach  
  131  17:16  Roach x4  
  135  17:31  Roach  
  135  17:32  Roach x3  

Tags
 
Add a new tag
Caveats
  • Supply blocks, unpowered buildings, or Contaminate may cause inaccurate times.
  • Supply counts are checked every 10 seconds.